 Dungeon Crawl Stone Soup version 0.26.1-11-gd32895ea62 (webtiles) character file.

Game seed: 9227790533948006650

10648 infcreate the Carver (level 11, 0/89 HPs)
             Began as a Human Berserker on May 20, 2021.
             Was a High Priest of Trog.
             Killed by vampiric draining
             ... invoked by a vampire
              (12 damage)
             ... on level 11 of the Dungeon.
             The game lasted 01:00:29 (13056 turns).

infcreate the Carver (Human Berserker)             Turns: 13056, Time: 01:00:30

Health: 0/89       AC: 21    Str: 20    XL:     11   Next: 96%
Magic:  11/11      EV: 12    Int:  9    God:    Trog [*****.]
Gold:   430        SH:  5    Dex: 12    Spells: 10/10 levels left

rFire    . . .     SeeInvis .   a - +3 great sword
rCold    + . .     Faith    .   (shield currently unavailable)
rNeg     . . .     Spirit   .   B - +3 chain mail {rC+}
rPois    .         Reflect  +   q - +2 helmet
rElec    .         Harm     .   (no cloak)
rCorr    .         Rampage  .   (no gloves)
Will     .....                  (no boots)
Stlth    ..........             n - amulet of reflection
HPRegen  0.24/turn              H - +4 ring of protection
MPRegen  0.12/turn              Y - +4 ring of slaying

@: berserk cooldown, slowed, very slow
A: no striking features
a: Renounce Religion, Berserk, Trog's Hand, Brothers in Arms


You were on level 11 of the Dungeon.
You worshipped Trog.
Trog was extremely pleased with you.
You visited 1 branch of the dungeon, and saw 11 of its levels.
You also visited: Ossuary and Bailey.

You collected 586 gold pieces.
You spent 156 gold pieces at shops.


   Skills:
 + Level 9.6 Fighting
 + Level 9.6 Long Blades
 + Level 9.3 Armour
 + Level 9.3 Dodging


You had 10 spell levels left.
You didn't know any spells.
Your spell library was empty.

Inventory:

Hand Weapons
 a - a +3 great sword (weapon)
 f - a +2 long sword of flaming
Missiles
 e - a throwing net {=f}
 x - 28 bolts
Armour
 q - a +2 helmet (worn)
 B - a +3 chain mail of cold resistance (worn)
 J - a +0 plate armour
Jewellery
 c - an uncursed ring of protection from cold
 n - an amulet of reflection (around neck)
 F - an uncursed ring of fire
 H - a +4 ring of protection (left hand)
 M - an uncursed ring of willpower
 Y - a +4 ring of slaying (right hand)
Wands
 h - a wand of flame (29)
 y - a wand of acid (8)
 D - a wand of digging (11)
 E - a wand of iceblast (8)
Scrolls
 b - 2 scrolls of fog
 j - 2 scrolls of immolation
 k - 9 scrolls of identify {@r1}
 r - 5 scrolls of blinking
 s - 2 scrolls of fear
 w - 7 scrolls of teleportation {@r4}
 I - 5 scrolls of remove curse {@r2}
 L - 2 scrolls of acquirement {unknown}
Potions
 d - 4 potions of might {unknown}
 g - 3 potions of lignification
 i - 7 potions of curing {unknown}
 l - a potion of ambrosia {unknown}
 m - a potion of cancellation {unknown}
 o - 2 potions of resistance {unknown}
 p - 3 potions of heal wounds {@q2}
 t - 5 potions of flight {unknown}
 u - 6 potions of haste {@q3}
 v - a potion of berserk rage {unknown}
 z - 4 potions of magic {unknown}
 A - 3 potions of brilliance {unknown}
 G - a potion of invisibility {unknown}

Dungeon Overview and Level Annotations

Branches:
Dungeon (11/15)            Temple (0/1) D:5            Lair (0/6) D:11
    Orc (0/2) D:10        Ossuary (visited)          Bailey (visited)

Altars:
Cheibriados
Fedhas
Gozag
Hepliaklqana
Kikubaaqudgha
Nemelex Xobeh
Qazlal
Sif Muna
Trog
The Shining One

Shops:
D:4 :   D:6 (   D:9 (

Annotations:
D:6 2 transporters, Saegor's ghost, novice MiFi

....##.....##.....#######........
.#####.....##..............####'#
######....)##....................
.....#.....##....................
.....+.....'.............>.......
.....#.....#####.................
..........## #........###......
..........######V.......# ######.
..........'.((..@#####.## #.
..........######## #.### ##
......(...# #...# # ..........#
#...# # #+######### #...# # +...+
.... #...# ..... #...# # .....
#...# #


You could see a vampire.


Message History

You slice the vampire!!
The vampire is severely damaged.
The vampire hits you.
* * * LOW HITPOINT WARNING * * *
The vampire closely misses you.
Unknown command.
You slash the vampire!
The vampire is almost destroyed.
The vampire hits you!
* * * LOW HITPOINT WARNING * * *
The vampire bites you but does no damage.
The vampire closely misses you. The vampire bites you.
* * * LOW HITPOINT WARNING * * *
The vampire draws strength from your injuries!
You slash the vampire!
The vampire is almost destroyed.
The vampire closely misses you. The vampire misses you.
The vampire gestures at you while chanting.
You resist with some effort.
You feel less confused.
The vampire hits you but does no damage.
The vampire bites you.
* * * LOW HITPOINT WARNING * * *
The vampire draws strength from your injuries!
You hit the vampire but do no damage.
The vampire is almost destroyed.
The vampire barely misses you.
The vampire bites you but does no damage.
The vampire is infused with unholy energy.
You die...

Skill      XL: |  1  2  3  4  5  6  7  8  9 10 11 |
---------------+----------------------------------+-----
Armour         | 3 4 5 7 8 9 |  9.3
Dodging        | 3 4 5 7 8 9 |  9.3
Fighting       | 4 5 7 8 9 |  9.6
Long Blades    | 4 5 6 7 8 9 |  9.6

Action                   |  1- 3 |  4- 6 |  7- 9 | 10-12 || total
-------------------------+-------+-------+-------+-------++-------
Melee: Falchion          |    65 |   168 |   237 |       ||   470
       Long sword        |       |       |    57 |       ||    57
       Great sword       |       |       |   177 |   316 ||   493
Invok: Berserk           |       |     3 |     3 |     5 ||    11
       Brothers in Arms  |       |       |     2 |     3 ||     5
  Use: Scroll            |     2 |     2 |    14 |     1 ||    19
       Potion            |       |       |       |     1 ||     1
Armor: Animal skin       |     1 |       |       |       ||     1
       Leather armour    |     4 |       |     3 |       ||     7
       Chain mail        |       |    75 |   205 |   202 ||   482
Dodge: Dodged            |    43 |    58 |   206 |   243 ||   550
Block: Other             |       |    28 |   100 |   113 ||   241
       Reflection        |       |     2 |     1 |    21 ||    24
       Rpst.: Falchion   |     8 |    10 |    24 |       ||    42
       Long sword        |       |       |     9 |       ||     9
       Great sword       |       |       |    34 |    57 ||    91

Levels and vault maps discovered:
D:1:      dpeg_arrival_shrine, layout_loops_ring, minmay_heptomino_h4
D:2:      layout_loops_cross, kennysheep_generic_room_13, uniq_jessica
D:3:      layout_basic, uniq_ijyb, uniq_terence
D:4:      layout_rooms, serial_shops, shop
D:5:      layout_basic, minmay_temple_entry_trees
D:6:      layout_loops_ring, old_standard_altar, serial_shops, shop,
          gammafunk_ghost_hive
D:7:      minmay_razor_zed, layout_basic
D:8:      layout_loops_ring, nzn_overflow_gifts_of_might_and_magic,
          nicolae_overflow_hidden_temple, kiku_gazebo_garden_becter,
          gup_ossuary_entry_pyramid, uniq_pikel
D:9:      layout_irregular_city, lemuel_round_altar, serial_shops, shop
D:10:     layout_loops_ring, orc_0_dummy, uniq_urug
D:11:     kennysheep_six_static_rooms, layout_basic, lair_entry_dummy,
          enter_bailey_5, patterned_corridor

Notes
Turn   | Place    | Note
-------+----------+-------------------------------------------
     0 | D:1      | infcreate the Human Berserker began the quest for the Orb.
     0 | D:1      | Reached XP level 1. HP: 18/18 MP: 1/1
   216 | D:1      | Reached XP level 2. HP: 17/24 MP: 2/2
   844 | D:1      | Reached XP level 3. HP: 29/29 MP: 3/3
  1122 | D:2      | Noticed Jessica
  1425 | D:2      | Killed Jessica
  1426 | D:2      | Reached XP level 4. HP: 14/35 MP: 4/4
  2509 | D:3      | Noticed Ijyb
  2527 | D:3      | Killed Ijyb
  2528 | D:3      | Reached XP level 5. HP: 42/42 MP: 5/5
  2693 | D:3      | Reached skill level 3 in Armour
  2693 | D:3      | Reached skill level 3 in Dodging
  2783 | D:3      | Reached ** piety under Trog
  2854 | D:3      | Noticed Terence
  2874 | D:3      | Killed Terence
  2975 | D:4      | Noticed an ogre
  2982 | D:3      | Killed an ogre
  2983 | D:3      | Reached skill level 4 in Fighting
  2983 | D:3      | Reached skill level 4 in Long Blades
  2983 | D:3      | Reached XP level 6. HP: 48/48 MP: 6/6
  3260 | D:4      | Found Hohaent's Book Shop.
  3440 | D:4      | Reached XP level 7. HP: 54/55 MP: 7/7
  3827 | D:4      | Reached skill level 4 in Armour
  4093 | D:5      | Entered Level 5 of the Dungeon
  4147 | D:5      | Reached skill level 4 in Dodging
  4637 | D:5      | Found a staircase to the Ecumenical Temple.
  5108 | D:5      | Reached skill level 5 in Fighting
  5108 | D:5      | Reached skill level 5 in Long Blades
  5118 | D:5      | Reached XP level 8. HP: 48/62 MP: 8/8
  5751 | D:5      | Reached skill level 5 in Armour
  5751 | D:5      | Reached skill level 5 in Dodging
  5808 | D:5      | Reached *** piety under Trog
  6226 | D:6      | Found Cine's Antique Weapon Shop.
  6235 | D:6      | Bought a great sword for 156 gold pieces
  6350 | D:6      | Found a stormy altar of Qazlal.
  6359 | D:6      | Reached skill level 6 in Long Blades
  6359 | D:6      | Reached XP level 9. HP: 69/69 MP: 9/9
  6362 | D:6      | Reached skill level 6 in Fighting
  6477 | D:6      | Got a steaming leather armour
  6478 | D:6      | Identified the +4 leather armour "Kawaak" {Stlth+} (You
                  | found it on level 6 of the Dungeon)
  6552 | D:6      | Noticed a hornet
  6570 | D:6      | Noticed Saegor's ghost (novice MiFi)
  6597 | D:6      | Found a transporter.
  6620 | D:6      | Noticed a queen bee
  6624 | D:6      | Found a transporter.
  7228 | D:7      | Reached skill level 6 in Armour
  7228 | D:7      | Reached skill level 6 in Dodging
  8672 | D:8      | Found a sand-covered staircase.
  8677 | D:8      | Reached **** piety under Trog
  8682 | Ossuary  | Entered an ossuary
  8687 | Ossuary  | Reached skill level 7 in Long Blades
  8689 | Ossuary  | Reached skill level 7 in Fighting
  9065 | D:8      | Noticed a two-headed ogre
  9073 | D:8      | Killed a two-headed ogre
  9074 | D:8      | Reached skill level 7 in Armour
  9074 | D:8      | Reached skill level 7 in Dodging
  9074 | D:8      | Reached XP level 10. HP: 79/79 MP: 10/10
  9089 | D:8      | Noticed Pikel
  9094 | D:8      | Killed Pikel
  9100 | D:8      | Found an ancient bone altar of Kikubaaqudgha.
  9340 | D:8      | Found a shimmering blue altar of Sif Muna.
  9350 | D:8      | Found a bloodstained altar of Trog.
  9577 | D:8      | Reached skill level 8 in Fighting
  9591 | D:8      | Found a hazy altar of Hepliaklqana.
  9591 | D:8      | Found a sparkling altar of Nemelex Xobeh.
  9593 | D:8      | Found a blossoming altar of Fedhas.
  9677 | D:8      | Found a snail-covered altar of Cheibriados.
  9680 | D:8      | Found a glowing golden altar of the Shining One.
  9816 | D:9      | Reached skill level 8 in Long Blades
  9836 | D:9      | Noticed a two-headed ogre
  9855 | D:9      | Killed a two-headed ogre
  9930 | D:9      | Found Nebiha Xepsi's Antique Weapon Shop.
 10223 | D:9      | Reached skill level 8 in Armour
 10223 | D:9      | Reached skill level 8 in Dodging
 10387 | D:9      | Found an opulent altar of Gozag.
 10405 | D:9      | Reached XP level 11. HP: 82/87 MP: 11/11
 10691 | D:10     | Entered Level 10 of the Dungeon
 10816 | D:10     | Found a staircase to the Orcish Mines.
 10993 | D:10     | Noticed a two-headed ogre
 11003 | D:10     | Killed a two-headed ogre
 11458 | D:10     | Noticed Urug
 11486 | D:10     | Reached skill level 9 in Fighting
 11486 | D:10     | Reached skill level 9 in Long Blades
 11507 | D:10     | Killed Urug
 11859 | D:11     | Found a staircase to the Lair.
 12133 | D:11     | Noticed a four-headed hydra
 12144 | D:11     | Killed a seven-headed hydra
 12145 | D:11     | Reached skill level 9 in Armour
 12145 | D:11     | Reached skill level 9 in Dodging
 12251 | D:11     | Found a flagged portal.
 12270 | Bailey   | Entered a bailey
 12279 | Bailey   | Noticed an orc warlord
 12317 | Bailey   | Reached ***** piety under Trog
 12549 | Bailey   | Found a runed translucent gate.
 12551 | Bailey   | Found a runed translucent gate.
 12552 | Bailey   | Found a runed translucent gate.
 12598 | Bailey   | Killed an orc warlord
 13001 | D:11     | Noticed a cyclops
 13037 | D:11     | Killed a cyclops
 13056 | D:11     | Killed from afar by a vampire

Vanquished Creatures
  2 two-headed ogres
  Urug (D:10)
  A cyclops (D:11)
  A troll (D:8)
  A wyvern (D:8)
  3 wraiths
  6 yaks (D:10)
  A ynoxinul (D:8)
  9 orc warriors
  A black bear (D:9)
  3 ice beasts
  A sky beast (D:7)
  2 phantoms
  5 ogres
  3 necrophages
  3 centaurs
  A big kobold (D:11)
  8 bullfrogs
  A water moccasin zombie (D:6)
  4 scorpions
  4 killer bees (D:11)
  3 howler monkeys
  2 bullfrog zombies
  3 centaur zombies
  2 quasits (D:8)
  9 orc wizards
  2 orc priests
  4 hounds
  Jessica (D:2)
  2 iguanas (D:5)
  Terence (D:3)
  7 worker ants
  Ijyb (D:3)
  A big kobold zombie (Ossuary)
  A hound zombie (D:11)
  5 mummies
  A worker ant zombie (D:5)
  A gnoll (Bailey)
  11 adders
  2 shadow imps (D:5)
  3 white imps
  3 ufetubi
  2 oozes
  An adder skeleton (D:6)
  2 worms
  4 dart slugs
  4 leopard geckos
  28 orcs
  4 bats
  7 giant cockroaches
  6 hobgoblins
  15 jackals
  3 quokkas
  A ball python (D:5)
  2 frilled lizards
  8 goblins
  A hobgoblin zombie (Ossuary)
  2 jackal skeletons (D:6)
  25 kobolds
  A leopard gecko skeleton (D:4)
  A quokka skeleton (D:5)
  5 rats (D:1)
248 creatures vanquished.

Vanquished Creatures (collateral kills)
  An orc warlord (Bailey)
  A hydra (D:11)
  A two-headed ogre (D:8)
  Pikel (D:8)
  An ice beast (D:8)
  A lemure (D:8)
  A bullfrog (D:8)
  A big kobold zombie (Ossuary)
  A mummy (Ossuary)
  An orc (Bailey)
  3 hobgoblin zombies (Ossuary)
13 creatures vanquished.

Vanquished Creatures (others)
  2 withered plants (D:8)
2 creatures vanquished.

Grand Total: 263 creatures vanquished

Table legend: (Time is in decaauts)
 A = Elapsed time spent in this place.
 B = Non-inter-level travel time spent in this place.
 C = Inter-level travel time spent in this place.
 D = Time resting spent in this place.
 E = Time spent auto-exploring this place.
 F = Levels seen in this place.
 G = Mean time per level.
                   A        B        C        D        E       F      G
               +--------+--------+--------+--------+--------+-----+--------+
         Total |  13372 |  11787 |   1585 |   4102 |      0 |  13 | 1028.6 |
       Dungeon |  12624 |  11039 |   1585 |   3794 |      0 |  11 | 1147.6 |
       Ossuary |    353 |    353 |      0 |    204 |      0 |   1 |  353.0 |
        Bailey |    394 |    394 |      0 |    104 |      0 |   1 |  394.0 |
               +--------+--------+--------+--------+--------+-----+--------+

Top non-repeatable levels by time:
     D:5: 1973 daAuts
     D:7: 1538 daAuts
     D:2: 1240 daAuts
    D:10: 1179 daAuts
     D:1: 1171 daAuts
     D:8: 1064 daAuts
     D:9: 980 daAuts
     D:3: 966 daAuts
     D:6: 952 daAuts
     D:4: 792 daAuts
    D:11: 764 daAuts
  Bailey: 394 daAuts
 Ossuary: 353 daAuts

Table legend:
 A = Non-vault XP
 B = Vault XP
 C = Vault XP percentage of total XP
 D = Non-vault monster count
 E = Vault monster count
 F = Vault count percentage of total count
                 A         B        C        D         E       F
            +---------+---------+-------+---------+---------+-------
      Total |   11066 |    4146 |  27.3 |     196 |      64 |  24.6
            +---------+---------+-------+---------+---------+-------
        D:1 |      27 |       4 |  12.9 |      15 |       3 |  16.7
        D:2 |      29 |      37 |  56.1 |      12 |       1 |   7.7
        D:3 |     196 |      69 |  26.0 |      13 |       2 |  13.3
        D:4 |     269 |       0 |   0.0 |      13 |       0 |   0.0
        D:5 |     853 |       0 |   0.0 |      37 |       0 |   0.0
        D:6 |     907 |       0 |   0.0 |      23 |       0 |   0.0
        D:7 |     385 |     558 |  59.2 |      11 |      12 |  52.2
        D:8 |    1708 |     831 |  32.7 |      21 |       4 |  16.0
        D:9 |    1724 |       0 |   0.0 |      17 |       0 |   0.0
       D:10 |    2942 |     827 |  21.9 |      16 |       1 |   5.9
       D:11 |    2026 |     163 |   7.4 |      18 |       6 |  25.0
    Ossuary |       0 |     176 | 100.0 |       0 |      12 | 100.0
     Bailey |       0 |    1481 | 100.0 |       0 |      23 | 100.0
            +---------+---------+-------+---------+---------+-------
